AoeStats
← Muli

Arabia

507166454Analyzed
1v1 RM · 14d ago on Sep 16, 2026· 30m 15s· 2 players
Game mode
Random Map
Map size
Tiny (2 player)
Population
200
Speed
Normal
Resources
Standard
Victory
Conquest
Starting age
Dark Age
Ending age
Imperial Age
RankedLock teamsTeams togetherTeam positionsShared explorationLock speedFull tech treeHidden civsTurbo modeCheats
Victory
Defeat
🇪🇸 Armenians · Spain
1115
+17
🇩🇪 Malians · Germany
1141
-17
Tatanka
6:45 Loom
9:25 Feudal Age
9:54 Double-Bit Axe
9:53 Horse Collar
13:39 Town Watch
14:09 Fletching
19:30 Padded Archer Armor
24:55 Castle Age
23:52 Gold Mining
25:33 Bodkin Arrow
25:00 Crossbowman
27:49 Ballistics
Muli
7:59 Loom
10:59 Feudal Age
12:35 Double-Bit Axe
16:36 Fletching
24:12 Castle Age
22:27 Padded Archer Armor
24:50 Bodkin Arrow
24:18 Crossbowman
27:23 Bloodlines
27:14 Husbandry
30:01 Scale Barding Armor
30:07 Forging
Connection lost

Rejoining the realm…

Still unreachable

The connection could not be restored.

Session expired

The server has moved on; the page needs a fresh start.